 Dungeon Crawl Stone Soup version 0.27.1-33-g824d729ab1 (webtiles) character file.

Game seed: 17628493790683968844

130 zeram the Covert (level 5, -19/30 HPs)
             Began as a Kobold Brigand on Nov 25, 2021.
             Demolished by an ogre (26 damage)
             ... on level 4 of the Dungeon.
             The game lasted 00:04:37 (3135 turns).

zeram the Covert (Kobold Brigand)                   Turns: 3135, Time: 00:04:37

Health: -19/30     AC:  3    Str:  9    XL:     5   Next: 36%
Magic:  5/5        EV: 14    Int: 13    God:
Gold:   117        SH:  0    Dex: 16    Spells: 4/4 levels left

rFire    . . .     SeeInvis .   h - +0 dagger (speed)
rCold    . . .     Faith    .   (shield restricted)
rNeg     . . .     Spirit   .   b - +0 robe
rPois    .         Reflect  .   (no helmet)
rElec    .         Harm     .   c - +0 cloak
rCorr    .         Rampage  .   (no gloves)
Will     .....                  (no boots)
Stlth    +++++.....             (no amulet)
HPRegen  0.10/turn              (no ring)
MPRegen  0.09/turn              (no ring)

@: no status effects
A: small, no large weapons, nightstalker 3
a: no special abilities


You were on level 4 of the Dungeon.
You visited 1 branch of the dungeon, and saw 4 of its levels.

You collected 117 gold pieces.

Inventory:

Hand Weapons
 a - a +2 dagger
 h - a +0 dagger of speed (weapon)
Missiles
 d - 8 poisoned darts (quivered)
 e - 2 curare-tipped darts
Armour
 b - a +0 robe (worn)
 c - a +0 cloak (worn)
Jewellery
 j - a ring of willpower
Potions
 f - a potion of resistance {unknown}
 g - 3 potions of curing
 i - a potion of mutation {unknown}
 l - a potion of might {unknown}


   Skills:
 - Level 2.1 Fighting
 - Level 2.6 Short Blades
 - Level 2.1 Throwing
 - Level 1.2 Dodging
 + Level 8.7 Stealth


You had 4 spell levels left.
You didn't know any spells.
Your spell library was empty.

Dungeon Overview and Level Annotations

Branches:
Dungeon (4/15)
 Temple: D:4-7

Altars:

Shops:
D:4 (


Innate Abilities, Weirdness & Mutations

You are small and have problems with some larger weapons.
You are completely attuned to the shadows.


Message History

You hit the ogre.
The ogre is lightly wounded.
You hit the ogre.
The ogre is moderately wounded.
The ogre closely misses you.
You barely miss the ogre.
The ogre is moderately wounded.
You barely miss the ogre.
The ogre is moderately wounded.
The ogre hits you with a +0 giant spiked club!
You hit the ogre.
The ogre is moderately wounded.
You hit the ogre.
The ogre is heavily wounded.
The ogre closely misses you.
You hit the ogre.
The ogre is heavily wounded.
You hit the ogre but do no damage.
The ogre is heavily wounded.
You hit the ogre.
The ogre is severely wounded.
The ogre misses you.
You hit the ogre.
The ogre is severely wounded.
You hit the ogre.
The ogre is severely wounded.
The ogre hits you with a +0 giant spiked club!
* * * LOW HITPOINT WARNING * * *
You barely miss the ogre.
The ogre is severely wounded.
You hit the ogre but do no damage.
The ogre is severely wounded.
The ogre closely misses you.
You hit the ogre but do no damage.
The ogre is severely wounded.
You hit the ogre but do no damage.
The ogre is severely wounded.
The ogre hits you with a +0 giant spiked club!!
Ouch! That really hurt!
You die...

######.
.#####.<....
..)....####.
##.∩....#
.####@........
....O.....#.##
..........#.#
.#
.####.#.....
#.# #.######
#.# #.# ##>#
#.# ##... #.#
####.... #.##
####.......


You could see an ogre.

Vanquished Creatures
  Jessica (D:2)
  3 adders (D:2)
  3 dart slugs
  4 bats
  8 endoplasms
  4 giant cockroaches
  3 goblins
  10 hobgoblins
  5 jackals
  5 kobolds
  3 quokkas
  7 ball pythons
  2 frilled lizards
  6 rats
64 creatures vanquished.

Notes
Turn   | Place    | Note
-------+----------+-------------------------------------------
     0 | D:1      | zeram the Kobold Brigand began the quest for the Orb.
     0 | D:1      | Reached XP level 1. HP: 12/12 MP: 1/1
    66 | D:1      | Reached XP level 2. HP: 17/17 MP: 2/2
    68 | D:1      | Reached skill level 6 in Stealth
   699 | D:1      | Reached XP level 3. HP: 21/21 MP: 3/3
   735 | D:1      | Found a faded altar of an unknown god.
   781 | D:1      | Reached skill level 7 in Stealth
  1624 | D:2      | Reached XP level 4. HP: 7/26 MP: 4/4
  2060 | D:2      | Noticed Jessica
  2064 | D:2      | Killed Jessica
  2065 | D:2      | Reached skill level 8 in Stealth
  2239 | D:2      | Reached XP level 5. HP: 30/30 MP: 5/5
  2916 | D:4      | Found Nuzej's Weapon Shop.
  2961 | D:4      | Noticed an ogre
  3135 | D:4      | Demolished by an ogre

Illustrated notes

Levels and vault maps discovered:
D:1:      dpeg_arrival_another_circle, layout_basic,
          hellmonk_ecumenical_altar_lost_god, minmay_hedge_maze,
          minmay_misc_feat_x
D:2:      layout_loops_ring, minmay_heptomino_w4, uniq_jessica
D:3:      layout_basic, corexii_item_surrounded_by_moat, minmay_goblin_outpost
D:4:      layout_loops_ring, minmay_temple_entry_tees, serial_shops, shop, shop,
          nicolae_shop_crystal, shop

Skill      XL: |  1  2  3  4 |
---------------+-------------+-----
Stealth        | 6 7 8 |  8.7
Fighting       | |  2.1
Short Blades   | |  2.6
Throwing       | |  2.1
Dodging        | |  1.2

Action                   |  1- 3 |  4- 6 || total
-------------------------+-------+-------++-------
Melee: Dagger            |   140 |   111 ||   251
  Use: Scroll            |     4 |     1 ||     5
       Potion            |       |     1 ||     1
 Stab: Sleeping          |    21 |    12 ||    33
       Distracted        |       |     2 ||     2
Armor: Robe              |    18 |    14 ||    32
Dodge: Dodged            |    70 |    52 ||   122
